NCAA
MISSOURI TIGERS @ COLORADO BUFFALOES
04/04/2024
 
TOP OF THE 1ST
Missouri Tigers batting - Pitching for Colorado Buffaloes : RHP José García
Pitching: RHP José García
Batting: LHB Neil Rodríguez 0-0: Ball
1-0: Swinging Strike
1-1: Swinging Strike
1-2: Foul Ball, location: 2F
1-2: Ball
2-2: Foul Ball, location: 2F
2-2: Strikes out swinging
Batting: LHB Jim Wallace 0-0: Called Strike
0-1: Swinging Strike
0-2: Ball
1-2: Foul Ball, location: 2F
1-2: Ball
2-2: SINGLE (Groundball, 56D)
Batting: RHB José González 0-0: Called Strike
0-1: Ball
1-1: Ball
Jim Wallace steals 2nd base
2-1: Foul Ball, location: 2F
2-2: Ball
3-2: Strikes out swinging
Batting: RHB George Mitchell 0-0: Ball
1-0: Ball
2-0: Ball
3-0: Base on Balls
Batting: SHB Eric Pimentel 0-0: Ball
1-0: Ball
2-0: Ground out 4-3 (Groundball, 4)
Top of the 1st over - 0 run(s), 1 hit(s), 0 error(s), 2 left on base; Missouri 0 - Colorado 0
BOTTOM OF THE 1ST
Colorado Buffaloes batting - Pitching for Missouri Tigers : RHP Pedro Garza
Pitching: RHP Pedro Garza
Batting: RHB Rob Groves 0-0: Called Strike
0-1: Called Strike
0-2: SINGLE (Line Drive, 9LS)
Batting: RHB Esteban Lara 0-0: Ball
Rob Groves is caught stealing 2nd base
1-0: Called Strike
1-1: Swinging Strike
1-2: Ball
2-2: Ball
3-2: Strikes out looking
Batting: LHB Miguel Sánchez 0-0: Fly out, F6 (Line Drive, 56)
Bottom of the 1st over - 0 run(s), 1 hit(s), 0 error(s), 0 left on base; Missouri 0 - Colorado 0
TOP OF THE 2ND
Missouri Tigers batting - Pitching for Colorado Buffaloes : RHP José García
Batting: RHB Bobby Murdock 0-0: SINGLE (Line Drive, 8LS)
Batting: RHB Rob Smith 0-0: Called Strike
0-1: Called Strike
0-2: Ball
1-2: Ball
2-2: Fly out, F8 (Line Drive, 8RM)
Batting: RHB Wilford Shaw 0-0: Called Strike
Pickoff Throw to First - Out!
0-1: Swinging Strike
0-2: Strikes out swinging
Top of the 2nd over - 0 run(s), 1 hit(s), 0 error(s), 0 left on base; Missouri 0 - Colorado 0
BOTTOM OF THE 2ND
Colorado Buffaloes batting - Pitching for Missouri Tigers : RHP Pedro Garza
Batting: RHB Ed Moore 0-0: Swinging Strike
0-1: Ball
1-1: Ball
2-1: Ball
3-1: Foul Ball, location: 2F
3-2: Foul Ball, location: 2F
3-2: Foul Ball, location: 2F
3-2: Fly out, F8 (Flyball, 78S)
Batting: RHB Pedro Romero 0-0: SINGLE (Line Drive, 56)
Batting: LHB Craig Kenney 0-0: Called Strike
0-1: Ball
1-1: Fly out, F7 (Flyball, 78S)
Batting: RHB Ramón Chávez 0-0: Ball
1-0: Foul Ball, location: 2F
1-1: Ground out 6-3 (Groundball, 6)
Bottom of the 2nd over - 0 run(s), 1 hit(s), 0 error(s), 1 left on base; Missouri 0 - Colorado 0
TOP OF THE 3RD
Missouri Tigers batting - Pitching for Colorado Buffaloes : RHP José García
Batting: RHB Ken Uttley 0-0: Ball
1-0: Ball
2-0: DOUBLE (Groundball, 5L)
Batting: LHB Neil Rodríguez 0-0: Ball
1-0: Fly out, F7 (Flyball, 7LM)
Batting: LHB Jim Wallace 0-0: Ball
1-0: Swinging Strike
1-1: Called Strike
Ken Uttley is caught stealing 3rd base
1-2: Ball
2-2: Strikes out looking
Top of the 3rd over - 0 run(s), 1 hit(s), 0 error(s), 0 left on base; Missouri 0 - Colorado 0
BOTTOM OF THE 3RD
Colorado Buffaloes batting - Pitching for Missouri Tigers : RHP Pedro Garza
Batting: RHB Desi Parkinson 0-0: Called Strike
0-1: Ground out 6-3 (Groundball, 6M)
Batting: RHB Gerald Mullen 0-0: Ball
1-0: SINGLE (Groundball, 15S) (infield hit)
Batting: RHB Rob Groves 0-0: Ball
1-0: Called Strike
Gerald Mullen steals 2nd base
1-1: Foul Ball, location: 2F
1-2: Ball
2-2: Ball
3-2: Strikes out looking
Batting: RHB Esteban Lara 0-0: Ground out 6-3 (Groundball, 6)
Bottom of the 3rd over - 0 run(s), 1 hit(s), 0 error(s), 1 left on base; Missouri 0 - Colorado 0
TOP OF THE 4TH
Missouri Tigers batting - Pitching for Colorado Buffaloes : RHP José García
Batting: RHB José González 0-0: Ball
1-0: DOUBLE (Line Drive, 9LS)
Batting: RHB George Mitchell 0-0: Called Strike
0-1: Foul Ball, location: 2F
0-2: Strikes out swinging
Batting: SHB Eric Pimentel 0-0: Called Strike
0-1: Foul Ball, location: 2F
0-2: Ball
1-2: 2-RUN HOME RUN (Flyball, 89XD), Distance : 377 ft
Batting: RHB Bobby Murdock 0-0: Called Strike
0-1: Called Strike
0-2: Ball
1-2: SINGLE (Line Drive, 6MD)
Batting: RHB Rob Smith 0-0: Ball
1-0: Called Strike
1-1: Swinging Strike
1-2: Strikes out swinging
Batting: RHB Wilford Shaw 0-0: Ball
1-0: Fielders Choice at 2nd, U6 (Groundball, 6M)
Top of the 4th over - 2 run(s), 3 hit(s), 0 error(s), 1 left on base; Missouri 2 - Colorado 0
BOTTOM OF THE 4TH
Colorado Buffaloes batting - Pitching for Missouri Tigers : RHP Pedro Garza
Batting: LHB Miguel Sánchez 0-0: Called Strike
0-1: Ball
1-1: Called Strike
1-2: SINGLE (Line Drive, 7S)
Batting: RHB Ed Moore 0-0: Grounds into double play, 6-4-3 (Groundball, 56)
Batting: RHB Pedro Romero 0-0: Ball
1-0: Called Strike
1-1: Foul Ball, location: 2F
1-2: Strikes out swinging
Bottom of the 4th over - 0 run(s), 1 hit(s), 0 error(s), 0 left on base; Missouri 2 - Colorado 0
TOP OF THE 5TH
Missouri Tigers batting - Pitching for Colorado Buffaloes : RHP José García
Batting: RHB Ken Uttley 0-0: Called Strike
0-1: Foul Ball, location: 2F
0-2: Ball
1-2: Strikes out swinging
Batting: LHB Neil Rodríguez 0-0: Called Strike
0-1: Ball
1-1: Ball
2-1: SINGLE (Groundball, 56D)
Batting: LHB Jim Wallace 0-0: Ball
1-0: Grounds into double play, 5-4-3 (Groundball, 56)
Top of the 5th over - 0 run(s), 1 hit(s), 0 error(s), 0 left on base; Missouri 2 - Colorado 0
BOTTOM OF THE 5TH
Colorado Buffaloes batting - Pitching for Missouri Tigers : RHP Pedro Garza
Batting: LHB Craig Kenney 0-0: Ball
1-0: Swinging Strike
1-1: DOUBLE (Line Drive, 78S)
Batting: RHB Ramón Chávez 0-0: Called Strike
0-1: Ball
1-1: Fly out, F9 (Flyball, 9M)
Batting: RHB Desi Parkinson 0-0: SINGLE (Groundball, 4M)
Craig Kenney to third
Runner from 3rd tries for Home, SAFE, no throw or cutoff
Batting: RHB Gerald Mullen 0-0: Ball
1-0: Ball
2-0: Ball
3-0: Swinging Strike
3-1: Foul Ball, location: 2F
3-2: Grounds into double play, 4-6-3 (Groundball, 4)
Bottom of the 5th over - 1 run(s), 2 hit(s), 0 error(s), 0 left on base; Missouri 2 - Colorado 1
TOP OF THE 6TH
Missouri Tigers batting - Pitching for Colorado Buffaloes : RHP José García
Batting: RHB José González 0-0: Foul Ball, location: 2F
0-1: Foul Ball, location: 2F
0-2: Ball
1-2: Strikes out looking
Batting: RHB George Mitchell 0-0: Ball
1-0: Ground out 6-3 (Groundball, 6M)
Batting: SHB Eric Pimentel 0-0: Called Strike
0-1: Ball
1-1: Ground out 4-3 (Groundball, 34)
Top of the 6th over - 0 run(s), 0 hit(s), 0 error(s), 0 left on base; Missouri 2 - Colorado 1
BOTTOM OF THE 6TH
Colorado Buffaloes batting - Pitching for Missouri Tigers : RHP Pedro Garza
Batting: RHB Rob Groves 0-0: Ball
1-0: Ball
2-0: Ball
3-0: Base on Balls
Batting: RHB Esteban Lara 0-0: Ball
1-0: Foul Ball, location: 2F
1-1: Fly out, F9 (Flyball, 9LM)
Batting: LHB Miguel Sánchez 0-0: Swinging Strike
0-1: Ball
1-1: Swinging Strike
1-2: Ball
2-2: Strikes out looking
Batting: RHB Ed Moore 0-0: Ball
Rob Groves is caught stealing 2nd base
Bottom of the 6th over - 0 run(s), 0 hit(s), 0 error(s), 0 left on base; Missouri 2 - Colorado 1
TOP OF THE 7TH
Missouri Tigers batting - Pitching for Colorado Buffaloes : RHP José García
Pitching: RHP Rob Lynch
Batting: RHB Bobby Murdock 0-0: Called Strike
0-1: Ball
1-1: Ball
2-1: Ball
3-1: Swinging Strike
3-2: Foul Ball, location: 2F
3-2: Base on Balls
Batting: RHB Rob Smith 0-0: Ball
1-0: Ball
2-0: Ball
3-0: Foul Ball, location: 2F
3-1: Called Strike
3-2: Base on Balls
Bobby Murdock to second
Pinch Runner at 2nd Oliver Sánchez:
Batting: RHB Wilford Shaw 0-0: Called Strike
0-1: Ball
1-1: Foul Ball, location: 2F
1-2: Foul Ball, location: 2F
1-2: Ball
2-2: Foul Ball, location: 2F
2-2: Ball
3-2: Foul Ball, location: 2F
3-2: Strikes out swinging
Pinch Hitting: SHB Hoyt Norris 0-0: Called Strike
0-1: Ground out 3-1 (Groundball, 34)
Oliver Sánchez to third
Rob Smith to second
Batting: LHB Neil Rodríguez 0-0: Ball
1-0: Ball
2-0: Foul Ball, location: 2F
2-1: Ground out 6-3 (Groundball, 6S)
Top of the 7th over - 0 run(s), 0 hit(s), 0 error(s), 2 left on base; Missouri 2 - Colorado 1
BOTTOM OF THE 7TH
Colorado Buffaloes batting - Pitching for Missouri Tigers : RHP Pedro Garza
Now at 2B: Nick Webber
Now in CF: Hoyt Norris
Batting: RHB Ed Moore 0-0: Ground out 5-3 (Groundball, 56)
Batting: RHB Pedro Romero 0-0: Ground out 6-3 (Groundball, 6)
Batting: LHB Craig Kenney 0-0: Called Strike
0-1: Ball
1-1: Ball
2-1: Foul Ball, location: 2F
2-2: Strikes out looking
Bottom of the 7th over - 0 run(s), 0 hit(s), 0 error(s), 0 left on base; Missouri 2 - Colorado 1
TOP OF THE 8TH
Missouri Tigers batting - Pitching for Colorado Buffaloes : RHP Rob Lynch
Batting: LHB Jim Wallace 0-0: Foul Ball, location: 2F
0-1: Ball
1-1: Ground out 4-3 (Groundball, 4)
Pitching: RHP James Bowen
Batting: RHB José González 0-0: Swinging Strike
0-1: Ball
1-1: Ball
2-1: Ground out 6-3 (Groundball, 6)
Batting: RHB George Mitchell 0-0: Ball
1-0: Ball
2-0: Foul Ball, location: 2F
2-1: Ball
3-1: DOUBLE (Line Drive, 7LM)
Batting: SHB Eric Pimentel 0-0: Ball
1-0: Ball
2-0: Ball
3-0: Base on Balls
Batting: RHB Nick Webber 0-0: 3-RUN HOME RUN (Flyball, 89XD), Distance : 369 ft
Batting: RHB Rob Smith 0-0: Ball
1-0: SINGLE (Groundball, 5D)
Batting: RHB Wilford Shaw 0-0: Ball
1-0: Swinging Strike
1-1: Foul Ball, location: 2F
1-2: Ball
2-2: Strikes out swinging
Top of the 8th over - 3 run(s), 3 hit(s), 0 error(s), 1 left on base; Missouri 5 - Colorado 1
BOTTOM OF THE 8TH
Colorado Buffaloes batting - Pitching for Missouri Tigers : RHP Pedro Garza
Batting: RHB Ramón Chávez 0-0: SINGLE (Flyball, 8RS)
Batting: RHB Desi Parkinson 0-0: Swinging Strike
0-1: Foul Ball, location: 2F
0-2: Ball
1-2: Foul Ball, location: 2F
1-2: Ball
2-2: Foul Ball, location: 2F
2-2: Ball
3-2: Base on Balls
Ramón Chávez to second
Pitching: RHP J.R. Wood
Batting: RHB Gerald Mullen 0-0: Ball
Wild Pitch!
Ramón Chávez to third
Desi Parkinson to second
1-0: Ball
2-0: SINGLE (Line Drive, 6)
Ramón Chávez scores
Desi Parkinson to third
Batting: RHB Rob Groves 0-0: Ball
1-0: Foul Ball, location: 2F
1-1: Fly out, F3 (Line Drive, 34)
1-1: Lined into DP, U3 (Line Drive, 34)
Batting: RHB Esteban Lara 0-0: Ball
1-0: Foul Ball, location: 2F
1-1: Ground out 4-3 (Groundball, 4)
Bottom of the 8th over - 1 run(s), 2 hit(s), 0 error(s), 1 left on base; Missouri 5 - Colorado 2
TOP OF THE 9TH
Missouri Tigers batting - Pitching for Colorado Buffaloes : RHP James Bowen
Batting: SHB Hoyt Norris 0-0: Fly out, F7 (Flyball, 7LMF)
Batting: LHB Neil Rodríguez 0-0: Ball
1-0: Called Strike
1-1: SINGLE (Flyball, 8LS)
Batting: LHB Jim Wallace 0-0: Ball
Neil Rodríguez is caught stealing 2nd base
1-0: Swinging Strike
1-1: Ball
2-1: Swinging Strike
2-2: Foul Ball, location: 2F
2-2: Ball
3-2: Strikes out looking
Top of the 9th over - 0 run(s), 1 hit(s), 0 error(s), 0 left on base; Missouri 5 - Colorado 2
BOTTOM OF THE 9TH
Colorado Buffaloes batting - Pitching for Missouri Tigers : RHP J.R. Wood
Pitching: RHP Chris Webster
Batting: LHB Miguel Sánchez 0-0: Foul Ball, location: 2F
0-1: Swinging Strike
0-2: Foul Ball, location: 2F
0-2: Ball
1-2: Strikes out swinging
Batting: RHB Ed Moore 0-0: Ball
1-0: Foul Ball, location: 2F
1-1: Ball
2-1: Ball
3-1: Base on Balls
Batting: RHB Pedro Romero 0-0: Called Strike
0-1: Ball
1-1: SINGLE (Groundball, 56S) (infield hit)
Ed Moore to second
Batting: LHB Craig Kenney 0-0: Foul Ball, location: 2F
0-1: Swinging Strike
0-2: Foul Ball, location: 2F
0-2: Ball
1-2: Strikes out looking
Batting: RHB Ramón Chávez 0-0: Ball
1-0: Ball
2-0: Called Strike
2-1: Ball
3-1: Base on Balls
Ed Moore to third
Pedro Romero to second
Batting: RHB Desi Parkinson 0-0: Called Strike
0-1: Fly out, F3 (Line Drive, 3)
Bottom of the 9th over - 0 run(s), 1 hit(s), 0 error(s), 3 left on base; Missouri 5 - Colorado 2
This league is powered by Out of the Park Baseball, the baseball management simulation game for PC, Mac and Linux
Saturday, April 9th, 2016 - OOTP Baseball 16.8 Build 38